SL
MOBILE BAYBEARS @ BILOXI SHUCKERS
07/17/2099
 
TOP OF THE 1ST
Mobile BayBears batting - Pitching for Biloxi Shuckers : RHP Keith Stricklin
Pitching: RHP Keith Stricklin
Batting: RHB Bob Strause 0-0: Called Strike
0-1: Ball
1-1: Swinging Strike
1-2: Strikes out swinging
Batting: RHB Joe Reese 0-0: Ball
1-0: Ball
2-0: Ball
3-0: Called Strike
3-1: Ground out 6-3 (Groundball, 56, EV 86.9 MPH)
Batting: LHB Eric Northcutt 0-0: Swinging Strike
0-1: Foul Ball, location: 2F
0-2: Ball
1-2: Ball
2-2: Strikes out swinging passed ball, reaches first!
Batting: LHB Jose Leiva 0-0: Ball
1-0: Called Strike
1-1: Foul Ball, location: 3F
1-2: Foul Ball, location: 2F
1-2: Foul Ball, location: 2F
1-2: Ball
2-2: Ball
3-2: Base on Balls
Eric Northcutt to second
Batting: RHB Jaiden Harris 0-0: Called Strike
0-1: Ball
1-1: Ball
2-1: Foul Ball, location: 9LMF
2-2: Foul Ball, location: 5FF
2-2: Strikes out looking
Top of the 1st over - 0 runs, 0 hits, 0 errors, 2 left on base; Mobile 0 - Biloxi 0
BOTTOM OF THE 1ST
Biloxi Shuckers batting - Pitching for Mobile BayBears : RHP Jim Dillenback
Pitching: RHP Jim Dillenback
Batting: SHB Kyle Carlson 0-0: Fly out, F4 (Popup, 23, EV 93.1 MPH)
Batting: RHB John Badowski 0-0: Ground out 6-3 (Groundball, 6, EV 86.3 MPH)
Batting: LHB Steve Stossel 0-0: Ball
1-0: Swinging Strike
1-1: Called Strike
1-2: Ball
2-2: Strikes out swinging
Bottom of the 1st over - 0 runs, 0 hits, 0 errors, 0 left on base; Mobile 0 - Biloxi 0
TOP OF THE 2ND
Mobile BayBears batting - Pitching for Biloxi Shuckers : RHP Keith Stricklin
Batting: RHB Paul Kish 0-0: Called Strike
0-1: Ball
1-1: Ball
2-1: Ball
3-1: Base on Balls
Batting: RHB Rob Richardson 0-0: Ball
1-0: Called Strike
1-1: Swinging Strike
1-2: Strikes out swinging
Batting: RHB Santiago Bautista 0-0: Foul Ball, location: 2F
0-1: Ball
1-1: SINGLE (Line Drive, 8LS, EV 92.5 MPH)
Paul Kish to second
Batting: RHB Craig Barker 0-0: Ball
Wild Pitch!
Paul Kish to third
Santiago Bautista to second
1-0: Ball
2-0: Ball
3-0: Base on Balls
Batting: RHB Bob Strause 0-0: Swinging Strike
0-1: Grounds into double play, 5-4-3 (Groundball, 56, EV 78.8 MPH)
Top of the 2nd over - 0 runs, 1 hit, 0 errors, 2 left on base; Mobile 0 - Biloxi 0
BOTTOM OF THE 2ND
Biloxi Shuckers batting - Pitching for Mobile BayBears : RHP Jim Dillenback
Batting: RHB Sean Howlett 0-0: Ball
1-0: SOLO HOME RUN (Flyball, 7D, EV 96.3 MPH), Distance : 367 ft
Batting: RHB Marco Gutierrez 0-0: Foul Ball, location: 9LSF
0-1: Ball
1-1: Ball
2-1: Foul Ball, location: 7LSFF
2-2: Foul Ball, location: 2F
2-2: Fly out, F4 (Popup, 34, EV 59.4 MPH)
Batting: RHB Danny Arias 0-0: Ball
1-0: Called Strike
1-1: Ground out 5-3 (Groundball, 56S, EV 91.9 MPH)
Batting: RHB Mike Waller 0-0: Called Strike
0-1: Ball
1-1: Ground out 6-3 (Groundball, 6, EV 80.6 MPH)
Bottom of the 2nd over - 1 run, 1 hit, 0 errors, 0 left on base; Mobile 0 - Biloxi 1
TOP OF THE 3RD
Mobile BayBears batting - Pitching for Biloxi Shuckers : RHP Keith Stricklin
Batting: RHB Joe Reese 0-0: Swinging Strike
0-1: Ball
1-1: Swinging Strike
1-2: SINGLE (Flyball, 8LS, EV 86.9 MPH)
Batting: LHB Eric Northcutt 0-0: Fielders Choice at 2nd, 3-6 (Groundball, 3, EV 84.4 MPH)
Batting: LHB Jose Leiva 0-0: Ball
1-0: Ball
2-0: Foul Ball, location: 3F
2-1: SINGLE (Line Drive, 6D, EV 98.1 MPH)
Eric Northcutt to second
Batting: RHB Jaiden Harris 0-0: Swinging Strike
0-1: Swinging Strike
0-2: Foul Ball, location: 9LMF
0-2: Foul Ball, location: 23F
0-2: Ball
1-2: Ball
2-2: Ball
3-2: Grounds into double play, 6-4-3 (Groundball, 6, EV 87.5 MPH)
Top of the 3rd over - 0 runs, 2 hits, 0 errors, 1 left on base; Mobile 0 - Biloxi 1
BOTTOM OF THE 3RD
Biloxi Shuckers batting - Pitching for Mobile BayBears : RHP Jim Dillenback
Batting: RHB Jimmy Stanic 0-0: Called Strike
0-1: Foul Ball, location: 2F
0-2: Strikes out swinging
Batting: RHB Josh Merklin 0-0: Ball
1-0: Foul Ball, location: 5SF
1-1: Called Strike
1-2: SINGLE (Groundball, 6MD, EV 110.6 MPH)
Batting: SHB Kyle Carlson 0-0: Ball
1-0: Grounds into double play, 6-4-3 (Groundball, 6M, EV 86.9 MPH)
Bottom of the 3rd over - 0 runs, 1 hit, 0 errors, 0 left on base; Mobile 0 - Biloxi 1
TOP OF THE 4TH
Mobile BayBears batting - Pitching for Biloxi Shuckers : RHP Keith Stricklin
Batting: RHB Paul Kish 0-0: Ball
1-0: Foul Ball, location: 9LDF
1-1: Foul Ball, location: 23F
1-2: Ball
2-2: Strikes out looking
Batting: RHB Rob Richardson 0-0: Foul Ball, location: 9LDF
0-1: Ball
1-1: SINGLE (Groundball, 6D, EV 103.1 MPH)
Batting: RHB Santiago Bautista 0-0: Called Strike
0-1: Foul Ball, location: 5FF
0-2: Ball
1-2: Strikes out looking
Batting: RHB Craig Barker 0-0: Called Strike
0-1: Fielders Choice at 2nd, 6-4 (Groundball, 6, EV 79.4 MPH)
Top of the 4th over - 0 runs, 1 hit, 0 errors, 1 left on base; Mobile 0 - Biloxi 1
BOTTOM OF THE 4TH
Biloxi Shuckers batting - Pitching for Mobile BayBears : RHP Jim Dillenback
Batting: RHB John Badowski 0-0: Ball
1-0: Called Strike
1-1: Ground out 6-3 (Groundball, 6MS, EV 86.9 MPH)
Batting: LHB Steve Stossel 0-0: Hit by Pitch
Batting: RHB Sean Howlett 0-0: Ball
1-0: Ball
2-0: Called Strike
2-1: Called Strike
2-2: Strikes out looking
Batting: RHB Marco Gutierrez 0-0: Called Strike
0-1: Ball
1-1: Ball
2-1: Swinging Strike
2-2: Ball
3-2: Foul Ball, location: 5F
3-2: Fly out, F2 (Popup, 23F, EV 79.4 MPH)
Bottom of the 4th over - 0 runs, 0 hits, 0 errors, 1 left on base; Mobile 0 - Biloxi 1
TOP OF THE 5TH
Mobile BayBears batting - Pitching for Biloxi Shuckers : RHP Keith Stricklin
Batting: RHB Bob Strause 0-0: Ball
1-0: Called Strike
1-1: Foul Ball, location: 25F
1-2: Ball
2-2: Foul Ball, location: 5F
2-2: Ground out 6-3 (Groundball, 56, EV 101.3 MPH)
Batting: RHB Joe Reese 0-0: Called Strike
0-1: Foul Ball, location: 3FF
0-2: Strikes out swinging
Batting: LHB Eric Northcutt 0-0: Foul Ball, location: 7LMF
0-1: Called Strike
0-2: Ball
1-2: Foul Ball, location: 7LMF
1-2: Strikes out looking
Top of the 5th over - 0 runs, 0 hits, 0 errors, 0 left on base; Mobile 0 - Biloxi 1
BOTTOM OF THE 5TH
Biloxi Shuckers batting - Pitching for Mobile BayBears : RHP Jim Dillenback
Batting: RHB Danny Arias 0-0: Ball
1-0: Ground out 6-3 (Groundball, 6, EV 100.0 MPH)
Batting: RHB Mike Waller 0-0: Ball
1-0: SINGLE (Groundball, 4MD, EV 102.5 MPH)
Batting: RHB Jimmy Stanic 0-0: Ball
1-0: Ball
2-0: Foul Ball, location: 5F
2-1: DOUBLE (Line Drive, 78D, EV 103.1 MPH)
Mike Waller to third
Runner from 3rd tries for Home, SAFE, throw by LF to home
Batting: RHB Josh Merklin 0-0: Ball
1-0: Ball
2-0: Fly out, F3 (Popup, 3SF, EV 83.8 MPH)
Batting: SHB Kyle Carlson 0-0: Ball
1-0: DOUBLE (Line Drive, 78D, EV 105.6 MPH)
Jimmy Stanic scores
Batting: RHB John Badowski 0-0: Called Strike
0-1: Ball
1-1: Foul Ball, location: 2F
1-2: Strikes out looking
Bottom of the 5th over - 2 runs, 3 hits, 0 errors, 1 left on base; Mobile 0 - Biloxi 3
TOP OF THE 6TH
Mobile BayBears batting - Pitching for Biloxi Shuckers : RHP Keith Stricklin
Batting: LHB Jose Leiva 0-0: Called Strike
0-1: Foul Ball, location: 5SF
0-2: Strikes out swinging
Batting: RHB Jaiden Harris 0-0: Ground out 6-3 (Groundball, 6, EV 93.1 MPH)
Batting: RHB Paul Kish 0-0: Foul Ball, location: 2LF
0-1: Swinging Strike
0-2: Strikes out swinging
Top of the 6th over - 0 runs, 0 hits, 0 errors, 0 left on base; Mobile 0 - Biloxi 3
BOTTOM OF THE 6TH
Biloxi Shuckers batting - Pitching for Mobile BayBears : RHP Jim Dillenback
Batting: LHB Steve Stossel 0-0: Ball
1-0: Ball
2-0: Fly out, F9 (Line Drive, 9LD, EV 88.8 MPH)
Batting: RHB Sean Howlett 0-0: Hit by Pitch
Batting: RHB Marco Gutierrez Balk!
Sean Howlett to second
0-0: Ball
1-0: SINGLE (Line Drive, 56D, EV 96.9 MPH)
Sean Howlett to third
Batting: RHB Danny Arias 0-0: Called Strike
0-1: Ball
1-1: Foul Ball, location: 7LMFF
1-2: Strikes out swinging
Batting: RHB Mike Waller 0-0: Fly out, F7 (Line Drive, 7, EV 95.0 MPH)
Bottom of the 6th over - 0 runs, 1 hit, 0 errors, 2 left on base; Mobile 0 - Biloxi 3
TOP OF THE 7TH
Mobile BayBears batting - Pitching for Biloxi Shuckers : RHP Keith Stricklin
Batting: RHB Rob Richardson 0-0: Called Strike
0-1: Ball
1-1: Ground out 5-3 (Groundball, 56, EV 78.1 MPH)
Batting: RHB Santiago Bautista 0-0: Ball
1-0: Called Strike
1-1: Swinging Strike
1-2: Strikes out looking
Batting: RHB Craig Barker 0-0: Ball
1-0: Swinging Strike
1-1: Fly out, F5 (Popup, 5F, EV 76.9 MPH)
Top of the 7th over - 0 runs, 0 hits, 0 errors, 0 left on base; Mobile 0 - Biloxi 3
BOTTOM OF THE 7TH
Biloxi Shuckers batting - Pitching for Mobile BayBears : RHP Jim Dillenback
Batting: RHB Jimmy Stanic 0-0: Ball
1-0: Called Strike
1-1: Fly out, F7 (Line Drive, 78M, EV 108.1 MPH)
Batting: RHB Josh Merklin 0-0: Ball
1-0: Ball
2-0: Ball
3-0: Called Strike
3-1: Foul Ball, location: 2F
3-2: Foul Ball, location: 9LMF
3-2: Fly out, F3 (Popup, 3SF, EV 76.9 MPH)
Batting: SHB Kyle Carlson 0-0: Called Strike
0-1: Called Strike
0-2: Foul Ball, location: 9LMF
0-2: Strikes out swinging
Bottom of the 7th over - 0 runs, 0 hits, 0 errors, 0 left on base; Mobile 0 - Biloxi 3
TOP OF THE 8TH
Mobile BayBears batting - Pitching for Biloxi Shuckers : RHP Keith Stricklin
Now at 1B: Jimmy Stanic
Now at 3B: Marco Gutierrez
Now at SS: Mike Hollenshead
Batting: RHB Bob Strause 0-0: Foul Ball, location: 2F
0-1: Ball
1-1: Foul Ball, location: 2F
1-2: Strikes out swinging
Batting: RHB Joe Reese 0-0: Called Strike
0-1: Called Strike
0-2: Ball
1-2: Foul Ball, location: 3F
1-2: Ball
2-2: Ball
3-2: Strikes out swinging
Batting: LHB Eric Northcutt 0-0: Ball
1-0: Ball
2-0: Foul Ball, location: 9LSF
2-1: Called Strike
2-2: Ball
3-2: Base on Balls
Batting: LHB Jose Leiva 0-0: Called Strike
0-1: Ball
1-1: Called Strike
1-2: Strikes out swinging
Top of the 8th over - 0 runs, 0 hits, 0 errors, 1 left on base; Mobile 0 - Biloxi 3
BOTTOM OF THE 8TH
Biloxi Shuckers batting - Pitching for Mobile BayBears : RHP Jim Dillenback
Batting: RHB John Badowski 0-0: Swinging Strike
0-1: Foul Ball, location: 2F
0-2: Foul Ball, location: 2F
0-2: Ball
1-2: Ball
2-2: Foul Ball, location: 2F
2-2: Reached on error, E6 (Groundball, 6, EV 83.8 MPH)
Batting: LHB Steve Stossel 0-0: Intentional Walk
Pitching: RHP Jim Unknown
Batting: RHB Sean Howlett 0-0: Called Strike
0-1: SINGLE (Groundball, 4MD, EV 103.8 MPH)
John Badowski to third
Steve Stossel to second
Runner from 3rd tries for Home, SAFE, throw by CF to home
Steve Stossel to third
Sean Howlett to second
Batting: RHB Marco Gutierrez 0-0: Called Strike
0-1: Ball
1-1: Fly out, F8 (Flyball, 8LD, EV 90.0 MPH)
Runner from 3rd tags up, SCORES, throw by CF
Batting: LHB Mike Hollenshead 0-0: Ball
1-0: Foul Ball, location: 2F
1-1: Ball
2-1: Ball
3-1: Called Strike
3-2: Foul Ball, location: 2F
3-2: SINGLE (Line Drive, 8LM, EV 92.5 MPH)
Sean Howlett to third
Batting: RHB Mike Waller 0-0: Called Strike
0-1: Ball
1-1: 3-RUN HOME RUN (Flyball, 7LD, EV 93.8 MPH), Distance : 350 ft
Batting: RHB Jimmy Stanic 0-0: Ball
1-0: Called Strike
1-1: Ball
2-1: Called Strike
2-2: Foul Ball, location: 7LMF
2-2: Fly out, F8 (Line Drive, 8RM, EV 83.1 MPH)
Batting: RHB Josh Merklin 0-0: Ball
1-0: Ball
2-0: Called Strike
2-1: DOUBLE (Flyball, 8RXD, EV 110.0 MPH)
Batting: SHB Kyle Carlson 0-0: Ground out 4-3 (Groundball, 4D, EV 102.5 MPH)
Bottom of the 8th over - 5 runs, 4 hits, 1 error, 1 left on base; Mobile 0 - Biloxi 8
TOP OF THE 9TH
Mobile BayBears batting - Pitching for Biloxi Shuckers : RHP Keith Stricklin
Batting: RHB Jaiden Harris 0-0: Swinging Strike
0-1: Foul Ball, location: 2F
0-2: Ball
1-2: Ball
2-2: SINGLE (Groundball, 56D, EV 105.6 MPH)
Pinch Hitting: RHB Jim Unknown 0-0: Ball
1-0: Foul Ball, location: 2F
1-1: Foul Ball, location: 7LMF
1-2: Ball
2-2: Strikes out swinging
Pinch Hitting: RHB Jim Unknown 0-0: Fly out, F8 (Flyball, 8RD, EV 103.8 MPH)
Batting: RHB Santiago Bautista 0-0: Ball
1-0: Foul Ball, location: 9LSF
1-1: Called Strike
1-2: Ground out 5-3 (Groundball, 5S, EV 81.9 MPH)
Top of the 9th over - 0 runs, 1 hit, 0 errors, 1 left on base; Mobile 0 - Biloxi 8
Sunday, May 12th , 2024 - OOTP Baseball 24.11 Build 85